 Dungeon Crawl Stone Soup version 0.28.0-62-gf88900778d (webtiles) character file.

Game seed: 4806869795821864396

1273813 Rokas666666 the Spellbinder (level 27, 147/147 HPs)
             Began as a Deep Elf Conjurer on Nov 13, 2023.
             Was the Champion of Hepliaklqana.
             Escaped with the Orb
             ... and 3 runes on Nov 21, 2023!
             The game lasted 19:58:10 (151289 turns).

Rokas666666 the Spellbinder (Deep Elf Conjurer)   Turns: 151289, Time: 19:58:10

Health: 147/147    AC: 12    Str: 16      XL:     27
Magic:  67/67      EV: 23    Int: 35 (37) God:    Hepliaklqana [******]
Gold:   3498       SH:  6    Dex: 12 (13) Spells: 5/77 levels left

rFire   + + .      SeeInvis +   B - staff of conjuration
rCold   + + .      Faith    .   c - +3 buckler {reflect}
rNeg    . . .      Spirit   .   M - +2 robe {rC+ rF+}
rPois   +          Reflect  +   t - +1 hat of the Learner {Harm rElec MP+9 Str+4 Int-4}
rElec   +          Harm     +   L - scarf {rC+ rF+}
rCorr   .          Rampage  .   X - +3 Mad Mage's Maulers {Infuse+∞ RegenMP Int-3}
Will    +++..                   q - +2 pair of boots {Fly}
Stlth   ++........              x - amulet of Amelioration {RegenMP Str+2}
HPRegen 0.34/turn               o - ring "Hiegg" {Fly MP+9 Str+6}
MPRegen 1.20/turn               l - ring of Fyloi {rPois Int+6 SInv Stlth+}

@: flying, studying 4 skills
A: reduced essence, horns 1, camouflage 1, low MP 1, strong-willed 1, mutation
resistance 1
0: Orb of Zot
}: 3/15 runes: serpentine, barnacled, slimy
a: Renounce Religion, Recall Ancestor, Ancestor Identity, Transference, Idealise


You escaped.
You worshipped Hepliaklqana.
Hepliaklqana was exalted by your worship.
You visited 12 branches of the dungeon, and saw 55 of its levels.
You visited 1 bazaar.
You also visited: Trove, Ice Cave, Wizlab and Desolation.

You collected 12463 gold pieces.
You spent 8965 gold pieces at shops.

Inventory:

Hand Weapons
 Y - the +4 falchion of Temperance {holy, Will+ Dex+3}
   (You found it on level 12 of the Dungeon)

   It has been blessed by the Shining One to cause great damage to the undead
   and demons.
   Dex:       It affects your dexterity (+3).
   Will:      It increases your willpower.
Armour
 a - a +2 pair of gloves of stealth
 c - a +3 buckler of reflection (worn)
 q - a +2 pair of boots of flying (worn)
 t - the +1 hat of the Learner (worn) {Harm rElec MP+9 Str+4 Int-4}
   (You found it on level 12 of the Dungeon)

   Str:       It affects your strength (+4).
   Int:       It affects your intelligence (-4).
   rElec:     It insulates you from electricity.
   MP:        It affects your magic capacity (+9).
   Harm:      It increases damage dealt and taken.
 v - a +2 robe of willpower
 K - a +2 helmet of intelligence
 L - a scarf of resistance (worn)
 M - a +2 robe of resistance (worn)
 X - the +3 Mad Mage's Maulers (worn) {Infuse+∞ RegenMP Int-3}
   (You found it in the Desolation of Salt)

   It empowers its wearer's blows with all of their magic.
   It causes its wearer's magical reserves to regenerate more quickly.
   Int:       It affects your intelligence (-3).
Magical Staves
 B - a staff of conjuration (weapon)
Jewellery
 l - the ring of Fyloi (right hand) {rPois Int+6 SInv Stlth+}
   (You found it on level 4 of the Vaults)

   [ring of intelligence]

   Int:       It affects your intelligence (+6).
   rPois:     It protects you from poison.
   SInv:      It lets you see invisible.
   Stlth:     It makes you more stealthy.
 o - the ring "Hiegg" (left hand) {Fly MP+9 Str+6}
   (You bought it in a shop on level 1 of the Depths)

   [ring of flight]

   Str:       It affects your strength (+6).
   MP:        It affects your magic capacity (+9).
   Fly:       It grants you flight.
 x - the amulet of Amelioration (around neck) {RegenMP Str+2}
   (You took it off a deep elf demonologist on level 3 of the Elven Halls)

   [amulet of magic regeneration]

   It increases your rate of magic regeneration.
   Str:       It affects your strength (+2).
 F - the ring "Teggydgh" {rPois rF+ rN+ Int+6 Dex-4}
   (You found it in the Desolation of Salt)

   [ring of intelligence]

   Int:       It affects your intelligence (+6).
   Dex:       It affects your dexterity (-4).
   rF:        It protects you from fire.
   rPois:     It protects you from poison.
   rN:        It protects you from negative energy.
 G - the ring of Puestuum {Will+ rCorr AC+4}
   (You took it off a deep elf sorcerer on level 3 of the Elven Halls)

   [ring of protection]

   AC:        It affects your AC (+4).
   rCorr:     It protects you from acid and corrosion.
   Will:      It increases your willpower.
 S - the ring of Peheas {Drain rF+ rN+++ SInv Stlth+}
   (You found it in a treasure trove)

   [ring of protection from fire]

   rF:        It protects you from fire.
   rN:        It renders you almost immune to negative energy.
   SInv:      It lets you see invisible.
   Drain:     It drains your maximum health when unequipped.
   Stlth:     It makes you more stealthy.
 T - a +4 ring of evasion
 Z - the ring of Egomania {Wiz rC+}
   (You took it off a deep elf demonologist on level 3 of the Elven Halls)

   [ring of wizardry]

   It improves your spell success rate.
   rC:        It protects you from cold.
Wands
 N - a wand of polymorph (32)
 O - a wand of digging (2)
Scrolls
 d - 16 scrolls of teleportation
 h - 2 scrolls of silence
 i - 4 scrolls of brand weapon
 k - 13 scrolls of holy word
 p - 6 scrolls of magic mapping
 s - a scroll of summoning
 w - 9 scrolls of amnesia
 y - 9 scrolls of vulnerability
 A - 14 scrolls of noise
 I - 5 scrolls of immolation
 J - 3 scrolls of blinking
 P - 2 scrolls of fear
 Q - 6 scrolls of torment
 R - 5 scrolls of enchant armour
 U - 14 scrolls of fog
Potions
 b - 5 potions of berserk rage
 f - 3 potions of resistance
 g - 14 potions of curing
 j - 4 potions of haste
 m - 3 potions of heal wounds
 n - 5 potions of magic
 r - 3 potions of degeneration
 u - 3 potions of cancellation
 z - 10 potions of attraction
 C - 7 potions of lignification
 D - 5 potions of invisibility
 E - 2 potions of mutation
 H - 8 potions of brilliance
 V - 3 potions of ambrosia
Miscellaneous
 e - a phantom mirror
 W - a box of beasts


   Skills:
 * Level 14.6 Fighting
 - Level 1.0 Staves
 O Level 27 Dodging
 - Level 2.4 Stealth
 - Level 25.8 Spellcasting
 - Level 22.5 Conjurations
 O Level 27 Hexes
 O Level 27 Summonings
 - Level 1.0 Necromancy
 - Level 0.2 Transmutations
 - Level 1.3 Ice Magic
 - Level 0.1 Air Magic
 - Level 10.1 Invocations
 - Level 2.0 Evocations


You had 5 spell levels left.
You knew the following spells:

 Your Spells              Type           Power      Damage    Failure   Level
a - Magic Dart            Conj           100%       1d8       0%          1
b - Searing Ray           Conj           100%       2d8       0%          2
c - Fulminant Prism       Conj/Hex       72%        3d30      0%          4
d - Summon Guardian Gole  Hex/Summ       100%       N/A       0%          3
e - Yara's Violent Unrav  Hex/Tmut       48%        3d19      1%          5
f - Blink                 Tloc           90%        N/A       1%          2
g - Enfeeble              Hex            62%        N/A       0%          7
h - Slow                  Hex            100%       N/A       0%          1
i - Metabolic Englaciati  Hex/Ice        48%        N/A       1%          5
j - Leda's Liquefaction   Hex/Erth       48%        N/A       1%          4
k - Tukima's Dance        Hex            100%       N/A       0%          3
l - Anguish               Hex/Necr       48%        N/A       1%          4
m - Summon Lightning Spi  Summ/Air       96%        N/A       1%          4
n - Monstrous Menagerie   Summ           62%        N/A       0%          7
o - Passwall              Tmut/Erth      38%        N/A       1%          2
p - Summon Horrible Thin  Summ           62%        N/A       1%          8
q - Haunt                 Necr/Summ      48%        N/A       1%          7
r - Swiftness             Air            46%        N/A       1%          3

Your spell library contained the following spells:

 Spells                   Type           Power      Damage    Failure   Level
 Foxfire                  Conj/Fire      100%       2x1d9     0%          1
 Summon Small Mammal      Summ           100%       N/A       0%          1
 Ensorcelled Hibernation  Hex/Ice        100%       N/A       0%          2
 Static Discharge         Conj/Air       100%       N/A       0%          2
 Call Canine Familiar     Summ           100%       N/A       0%          3
 Confusing Touch          Hex            100%       N/A       0%          3
 Dazzling Flash           Conj/Hex       100%       N/A       0%          3
 Inner Flame              Hex/Fire       96%        N/A       0%          3
 Portal Projectile        Hex/Tloc       100%       N/A       0%          3
 Iskenderun's Battlesphe  Conj           100%       2d15      0%          5
 Animate Skeleton         Necr           100%       N/A       1%          1
 Beastly Appendage        Tmut           92%        N/A       1%          1
 Freeze                   Ice            100%       1d11      1%          1
 Pain                     Necr           100%       1d9       1%          1
 Sandblast                Erth           90%        2d19      1%          1
 Scorch                   Fire           90%        2d10      1%          2
 Sublimation of Blood     Necr           51%        N/A       1%          2
 Wereblood                Tmut           46%        N/A       1%          2
 Conjure Flame            Conj/Fire      100%       6-21      1%          3
 Frozen Ramparts          Ice            100%       1d12      1%          3
 Ignite Poison            Fire/Tmut/Pois 45%        N/A       1%          3
 Lesser Beckoning         Tloc           45%        N/A       1%          3
 Mephitic Cloud           Conj/Pois/Air  99%        N/A       1%          3
 Spider Form              Tmut/Pois      46%        N/A       1%          3
 Stone Arrow              Conj/Erth      100%       3d13      1%          3
 Teleport Other           Tloc           45%        N/A       1%          3
 Vampiric Draining        Necr           51%        2d9       1%          3
 Animate Armour           Summ/Erth      100%       N/A       1%          4
 Flame Wave               Conj/Fire      100%       2d17      1%          4
 Hailstorm                Conj/Ice       100%       3d20      1%          4
 Iskenderun's Mystic Bla  Conj/Tloc      100%       2d19      1%          4
 Sticky Flame             Conj/Fire      100%       2d11      1%          4
 Summon Ice Beast         Ice/Summ       97%        N/A       1%          4
 Freezing Cloud           Conj/Ice/Air   50%        6-21      1%          5
 Irradiate                Conj/Tmut      56%        3d32      1%          5
 Silence                  Hex/Air        48%        N/A       1%          5
 Summon Forest            Summ/Tloc      48%        N/A       1%          5
 Animate Dead             Necr           25%        N/A       4%          4
 Dispel Undead            Necr           51%        3d19      4%          4
 Ice Form                 Ice/Tmut       50%        N/A       4%          4
 Petrify                  Tmut/Erth      46%        N/A       6%          4
 Olgreb's Toxic Radiance  Pois           45%        N/A       7%          4
 Passage of Golubria      Tloc           45%        N/A       7%          4
 Agony                    Necr           51%        N/A       12%         5
 Excruciating Wounds      Necr           25%        N/A       12%         5
 Borgnjor's Vile Clutch   Necr/Erth      24%        N/A       14%         5
 Blade Hands              Tmut           23%        N/A       17%         5
 Alistair's Intoxication  Tmut/Pois      30%        N/A       19%         5
 Lee's Rapid Deconstruct  Erth           22%        3d14*     19%         5
 Manifold Assault         Tloc           45%        N/A       19%         5
 Iron Shot                Conj/Erth      56%        9d11      1%          6
 Starburst                Conj/Fire      55%        6d15      1%          6
 Spellforged Servitor     Conj/Summ      72%        N/A       1%          7
 Simulacrum               Ice/Necr       26%        N/A       54%         6
 Statue Form              Tmut/Erth      30%        N/A       67%         6
 Eringya's Noxious Bog    Tmut/Pois      23%        N/A       69%         6
 Dispersal                Tloc           22%        N/A       71%         6
 Storm Form               Tmut/Air       23%        N/A       99%         7
 Disjunction              Tloc           22%        N/A       100%        8
 Infestation              Necr           25%        N/A       100%        8
 Maxwell's Capacitive Co  Air            23%        ∞         100%        8
 Necromutation            Tmut/Necr      24%        N/A       100%        8
 Death's Door             Necr           25%        N/A       100%        9
 Polar Vortex             Ice            26%        N/A       100%        9


Dungeon Overview and Level Annotations

Branches:
Dungeon (15/15)            Temple (1/1) D:7            Lair (5/6) D:11
 Shoals (4/4) Lair:3        Snake (4/4) Lair:3        Slime (5/5) Lair:5
    Orc (2/2) D:12            Elf (3/3) Orc:2        Vaults (4/5) D:14
  Crypt (3/3) Vaults:3       Tomb (0/3) Crypt:3      Depths (4/4) D:15
    Zot (5/5) Depths:4      IceCv (visited)          WizLab (visited)
Desolation (visited)

Altars:
Ashenzari
Cheibriados
Dithmenos
Elyvilon
Fedhas
Gozag
Hepliaklqana
Kikubaaqudgha
Makhleb
Nemelex Xobeh
Okawaru
Qazlal
Ru
Sif Muna
Trog
Uskayaw
Vehumet
Wu Jian
Xom
Yredelemnul
Zin
The Shining One
Beogh

Shops:
D:3 =   D:7 (*   D:14 (   Orc:2 :([*   Shoals:1 *   Shoals:2 :   Snake:1 *((
Snake:2 *?[!   Vaults:1 [   Vaults:2 ?   Depths:1 =   Depths:2 [
Depths:3 [=*:=

Portals:
Hell: Depths:1 Depths:2 Depths:3 Depths:4
Abyss: Depths:3
Pandemonium: Depths:1 Depths:2
Ziggurat: Depths:4

Annotations:
D:10 1 runed translucent door
Orc:2 3 runed translucent doors, kalagan's ghost, journeyman DECj


Innate Abilities, Weirdness & Mutations

Your life essence is reduced to manifest your ancestor. (-10% HP)
You have a pair of small horns on your head.
Your skin changes colour to match your surroundings (Stealth+).
Your magical capacity is low. (-10% MP)
You are strong-willed. (Will+)
You are somewhat resistant to further mutation.


Message History

r - Retreat! s - Stop attacking. g - Guard the area. f - Follow me.
Anything else - Cancel.
Gang up on whom?
Press: ? - help, Dir - move target, f/p - sun demon
Aim: a sun demon (ally target) Attack!
Khabaw hits the sun demon with a +0 broad axe of speed!
Your large abomination hits the sun demon!!
Khabaw blocks the sun demon's attack.
Your large abomination hits the sun demon but does no damage.
Your large abomination completely misses the sun demon.
Your shadow wraith disappears in a puff of smoke! x2
Khabaw misses the sun demon.
Khabaw hits the sun demon with a +0 broad axe of speed!
The sun demon dies!
You swap places.
You swap places.
Your wraith disappears in a puff of smoke!
Your wraith disappears in a puff of smoke! x2
Your wraith disappears in a puff of smoke!
There is a stone staircase leading up here.
You start resting.
Your large abomination disappears in a puff of smoke! x2
Khabaw is no longer moving quickly.
Your large abomination disappears in a puff of smoke!
An Orb Guardian comes into view.
An Orb Guardian is nearby!
You fly upwards.
There is a stone staircase leading down here.
There is a stone staircase leading up here.
You fly upwards.
There is a stone staircase leading down here.
Blink to where?
Press: ? - help, Dir - move target
As you read the scroll of blinking, it crumbles to dust.
Khabaw is recalled.
A red devil comes into view. It is wielding a +0 trident.
There is a staircase leading out of the dungeon here.
You have escaped!

#.#.#.#..#.# #....# #...
#.#.#.#..#.#########+### #...
#####.#.#.#...........##.#####...
....#.#.#......######............
###.#.#...#.#..#########.#####...
#.#.###.#.#............# #...
#.#.# #.#.#............#####...
###.#.###.#.#....................
..#.#.#...#.....@R........#......
#.#.#.#.###........8......#......
.÷..#.#.............♣.....#......
#.###.#####.##............#......
#.###.#...#.....4.........#......
#...#.#.#.#.#.............#......
###.#.#.#...#....######...#......
# #.#.#.###.#..#..# #.#.#...... #
#.#.#........##.## #.#.#......


You could see the friendly Khabaw the knight and a red devil.

Vanquished Creatures
  the Royal Jelly (Slime:5)
  2 dread liches
  4 orbs of fire
  A royal mummy (Crypt:3)
  A curse toe (Zot:5)
  Vashnia (Snake:4)
  3 golden dragons
  A Hellbinder (WizLab)
  An electric golem (Zot:5)
  A tentacled monstrosity (Depths:2)
  Rupert (Lair:3)
  An Orb Guardian (Zot:5)
  A lich (Depths:1)
  A deep elf blademaster (Elf:3)
  An acid blob (Slime:5)
  A deep elf master archer (Elf:3)
  The ghost of peterlawrence the Tortoise, an adept MiFi of Okawaru (Shoals:3)
  A quicksilver dragon (Snake:4)
  An ancient champion (Crypt:1)
  A death cob (Zot:5)
  A kraken (Shoals:4)
  2 sphinxes
  A tengu reaver (D:13)
  2 nagarajas (Snake:4)
  6 azure jellies
  A rockslime (Slime:1)
  4 deep elf sorcerers (Elf:3)
  4 orc warlords
  A curse skull (Crypt:2)
  2 vault wardens
  A balrug (D:3)
  A cacodemon (Depths:2)
  A ghost moth (Zot:5)
  4 deep elf elementalists (Elf:3)
  A draconian annihilator (Zot:3)
  2 draconian shifters (Zot:3)
  4 stone giants
  An ironbound thunderhulk (Vaults:3)
  A spriggan defender (Depths:2)
  5 quicksilver oozes
  2 war gargoyles
  3 vampire knights
  3 ironbound preservers
  A lorocyproca (WizLab)
  10 very ugly things
  4 deep elf demonologists
  4 dire elephants
  4 deep elf annihilators (Elf:3)
  2 entropy weavers
  3 merfolk javelineers
  2 white draconians
  A blizzard demon (WizLab)
  3 crystal guardians
  3 ettins
  A green death (WizLab)
  4 deep elf death magi
  Snorg (D:10)
  2 merfolk impalers
  2 deep elf high priests
  5 yaktaur captains
  Harold (D:8)
  5 ragged hierophants (Desolation)
  2 great orbs of eyes
  A vault guard (Vaults:3)
  2 boulder beetles
  A naga warrior (Snake:3)
  A hell beast (WizLab)
  An ice dragon (Depths:4)
  8 peacekeepers
  6 servants of whispers (Desolation)
  6 hydras
  2 merfolk avatars
  An ironbound frostheart (Vaults:1)
  15 centaur warriors
  3 spriggan air magi
  8 two-headed ogres
  2 death knights
  A catoblepas (D:11)
  4 merfolk aquamancers
  6 vampire magi
  24 dancing weapons
  An alligator snapping turtle (Shoals:2)
  3 tengu warriors (D:15)
  2 deep troll earth magi (Depths:4)
  3 orc high priests (Orc:2)
  A spriggan berserker (Depths:1)
  4 hell knights (Depths:2)
  7 deep elf knights
  6 naga sharpshooters
  A soul eater (Crypt:3)
  A sixfirhy (WizLab)
  A sea snake (shapeshifter) (D:15)
  6 iron trolls
  18 deep trolls
  A bog body (Crypt:3)
  11 skeletal warriors
  2 glowing orange brains
  3 sea snakes
  3 deep elf archers
  6 ironbound convokers
  8 wizards
  5 lindwurms
  4 phantasmal warriors
  An obsidian statue (Shoals:2)
  4 orc knights
  A wolf spider (D:14)
  Pikel (D:8)
  18 deep elf pyromancers
  6 harpies
  3 necromancers
  10 deep elf zephyrmancers
  3 oklob plants
  A harpy (shapeshifter) (D:15)
  5 orc sorcerers (Orc:2)
  A mana viper (Snake:4)
  9 cyclopes
  5 manticores
  14 fauns
  21 ugly things
  2 moths of wrath
  A salamander (Snake:3)
  49 slime creatures
  5 merfolk sirens
  Maurice (D:8)
  2 ice statues (IceCv)
  A naga mage (Snake:1)
  7 black mambas
  6 guardian serpents
  8 vault sentinels
  2 orange demons (Depths:2)
  3 gargoyles
  2 water nymphs
  9 cane toads
  5 komodo dragons
  5 freezing wraiths
  7 swamp worm zombies (Crypt:1)
  16 yaktaurs
  3 kobold demonologists
  A red devil (Depths:2)
  6 tengu conjurers
  4 guardian mummies (Crypt:3)
  An ice devil (WizLab)
  A hellwing (Depths:2)
  A troll (shapeshifter) (D:15)
  12 trolls
  2 wind drakes
  A burning bush (Lair:3)
  A meliai (D:15)
  2 large abominations (Elf:1)
  50 saltlings (Desolation)
  Prince Ribbit (D:6)
  A polar bear (Lair:5)
  Grinder (D:6)
  9 merfolk
  2 blink frogs
  A snapping turtle (Shoals:2)
  2 centaur simulacra
  2 dream sheep (Shoals:1)
  An elf skeleton (Vaults:2)
  A ynoxinul (Depths:2)
  4 air elementals
  A spriggan (shapeshifter) (D:13)
  3 wyverns
  A vampire (D:12)
  7 wraiths
  9 water elementals
  45 yaks
  A fire elemental (Elf:1)
  3 basilisks
  4 chaos spawn
  3 neqoxecs (Depths:2)
  A hog (shapeshifter) (D:13)
  4 redbacks
  A redback (shapeshifter) (Elf:3)
  A steam dragon (D:9)
  5 wargs
  2 acid dragons
  5 nagas
  A cane toad zombie (Crypt:1)
  15 water moccasins
  27 orc warriors
  4 black bears
  4 necrophages
  16 ogres
  A boggart (shapeshifter) (D:15)
  11 wolves
  5 boggarts
  16 centaurs
  A phantom (D:5)
  3 lemures (D:8)
  A kobold brigand (D:11)
  2 gnoll sergeants
  A scorpion (D:5)
  5 bullfrogs
  A cane toad simulacrum (IceCv)
  A wyvern skeleton (D:7)
  A water moccasin skeleton (D:5)
  12 killer bees
  A spectral wolf (Depths:3)
  9 wights
  7 electric eels
  A howler monkey (D:8)
  6 jellies
  A bullfrog zombie (D:5)
  A centaur zombie (D:8)
  A centaur skeleton (D:6)
  A bullfrog skeleton (D:6)
  A gnoll shaman (D:7)
  11 orc priests
  4 hounds
  2 iguanas
  21 orc wizards
  A polar bear simulacrum (IceCv)
  A killer bee zombie (D:3)
  3 hound skeletons (D:4)
  Robin (D:3)
  5 adders
  11 gnolls
  A shadow imp (D:4)
  A white imp (D:8)
  An adder skeleton (D:4)
  An iguana skeleton (Crypt:1)
  A worm (D:3)
  2 dart slugs (D:1)
  63 orcs
  9 ball pythons
  5 endoplasms
  7 giant cockroaches
  14 goblins
  10 hobgoblins
  15 kobolds
  2 quokkas
  8 bats
  4 frilled lizards
  An orc skeleton (Crypt:2)
  3 rats
  7 bushes (Zot:3)
  6 fulminant prisms
  A tentacle (Shoals:4)
1147 creatures vanquished.

Vanquished Creatures (collateral kills)
  An ancient lich (Zot:5)
  A dread lich (Zot:5)
  6 orbs of fire
  A juggernaut (Depths:4)
  Boris (twice) (Vaults:2 Depths:2)
  4 Killer Klowns
  Bai Suzhen (Crypt:2)
  Frederick (Crypt:2)
  3 curse toes
  Nikola (Elf:1)
  8 golden dragons
  24 tentacled monstrosities
  A walking crystal tome (Depths:1)
  2 electric golems
  The ghost of Meod the Warrior, an adept MiBe of Trog (Shoals:2)
  2 titans (Depths:3)
  3 deep elf blademasters (Elf:3)
  24 Orb Guardians (Zot:5)
  Asterion (Snake:4)
  4 sphinxes
  21 acid blobs
  3 death cobs
  4 quicksilver dragons
  4 ancient champions
  3 tengu reavers
  5 draconian monks
  10 storm dragons
  7 revenants
  9 azure jellies
  9 shadow dragons
  A nagaraja (Snake:4)
  2 draconian knights
  16 rockslimes
  Aizul (Elf:1)
  5 fire giants
  A balrug (WizLab)
  A cacodemon (WizLab)
  2 deep elf sorcerers (Elf:3)
  4 curse skulls
  3 ghost moths
  5 vault wardens
  2 deep elf elementalists
  11 ghouls
  7 frost giants
  9 ironbound preservers
  2 draconian stormcallers
  4 draconian scorchers
  A draconian shifter (Zot:3)
  A war gargoyle (Vaults:2)
  A spriggan defender (Depths:2)
  5 draconian annihilators
  8 stone giants
  9 quicksilver oozes
  7 ironbound thunderhulks
  7 very ugly things
  6 black draconians
  8 green draconians
  2 lorocyprocas
  7 vampire knights
  A deep elf annihilator (Elf:3)
  12 dire elephants
  8 purple draconians
  A spark wasp (Depths:4)
  A deep elf demonologist (Elf:3)
  7 yellow draconians
  3 halazid warlocks (Desolation)
  An entropy weaver (Vaults:2)
  7 white draconians
  7 red draconians
  11 ettins
  2 deep elf death magi
  3 mummy priests (Crypt:3)
  5 crystal guardians
  4 eidola
  5 merfolk impalers
  8 yaktaur captains
  11 great orbs of eyes
  7 ragged hierophants (Desolation)
  5 merfolk javelineers
  4 fire dragons
  2 deep elf high priests
  2 rakshasas
  An ice dragon (Depths:1)
  9 vault guards
  2 salamander tyrants (Snake:4)
  10 jiangshi
  4 servants of whispers (Desolation)
  A hell beast (WizLab)
  7 naga warriors
  4 peacekeepers
  A catoblepas (Lair:4)
  3 hydras
  A spriggan skeleton (Crypt:3)
  A spriggan air mage (Depths:3)
  7 boulder beetles
  2 fenstrider witch skeletons
  4 anacondas
  2 ogre magi
  4 ironbound frosthearts
  3 merfolk avatars
  9 dancing weapons
  2 death knights
  2 satyrs
  2 deep troll shamans (Depths:3)
  9 centaur warriors
  2 tengu warriors
  6 merfolk aquamancers
  A two-headed ogre (D:11)
  5 deep troll earth magi
  14 vampire magi
  2 orc high priests
  2 shock serpents
  7 hell knights
  3 spriggan berserkers
  8 deep elf knights
  3 naga sharpshooters
  4 iron trolls
  2 sixfirhies (WizLab)
  2 salamander mystics
  5 sun demons
  9 soul eaters
  A fire crab (shapeshifter) (D:15)
  3 shadow wraiths
  25 skeletal warriors
  An anaconda zombie (Crypt:3)
  A glowing orange brain (Slime:5)
  8 sea snakes
  2 flayed ghosts (Crypt:3)
  16 deep trolls
  An iron giant zombie (Crypt:2)
  A golden dragon zombie (Crypt:3)
  5 bog bodies
  16 harpies
  10 phantasmal warriors
  A shadow demon (Depths:2)
  7 wizards
  5 lindwurms (Vaults:1)
  3 naga ritualists
  6 deep elf archers
  A golden dragon skeleton (Crypt:3)
  A mana viper (Snake:4)
  15 deep elf pyromancers
  5 necromancers
  19 ironbound convokers
  9 oklob plants (Zot:3)
  6 orc knights
  28 ugly things
  10 salamanders
  7 shining eyes
  5 cyclopes
  A stone giant zombie (Crypt:3)
  8 deep elf zephyrmancers
  An orc sorcerer (Orc:2)
  6 fauns
  A frost giant zombie (Vaults:2)
  2 centaur zombies (D:10)
  32 moths of wrath
  20 black mambas
  11 manticores
  16 vault sentinels
  A moth of wrath (shapeshifter) (Vaults:3)
  A guardian serpent (shapeshifter) (D:15)
  3 human skeletons
  A smoke demon (WizLab)
  4 water nymphs
  9 naga magi
  3 guardian serpents
  9 merfolk sirens
  3 rust devils (WizLab)
  2 gargoyles (Depths:3)
  2 orange demons
  3 cane toads
  7 freezing wraiths
  4 swamp worm zombies (Crypt:1)
  A kobold demonologist (D:10)
  2 efreet
  2 ice devils
  A rime drake (Lair:1)
  2 komodo dragons
  6 yaktaurs
  A black draconian skeleton (Crypt:2)
  2 tengu conjurers (D:15)
  A meliai (D:15)
  3 red devils
  A hellwing (Depths:2)
  22 merfolk
  2 elves (Depths:3)
  35 guardian mummies
  A harpy zombie (Crypt:3)
  An iron troll skeleton (Crypt:1)
  A meliai (shapeshifter) (D:15)
  5 wind drakes
  2 hydra skeletons
  A large abomination (Elf:1)
  27 saltlings (Desolation)
  100 slime creatures
  4 blink frogs
  3 dream sheep (Shoals:1)
  An ettin zombie (Crypt:1)
  7 snapping turtles
  A spriggan (shapeshifter) (Depths:1)
  2 flying skulls (Crypt:3)
  An air elemental (Elf:1)
  2 wraiths
  An alligator skeleton (Crypt:2)
  A jumping spider (Vaults:1)
  A satyr skeleton (Crypt:1)
  A wyvern (D:11)
  14 water elementals
  A vampire (Depths:3)
  13 yaks
  A dire elephant simulacrum (Crypt:3)
  5 ushabtiu (Crypt:3)
  2 basilisks
  3 fire elementals
  A golden eye (Slime:5)
  2 chaos spawn (WizLab)
  A hog (shapeshifter) (Elf:3)
  A vampire mosquito (D:13)
  A wind drake skeleton (Crypt:1)
  2 wargs
  A water nymph zombie (Crypt:1)
  23 nagas
  A redback (Vaults:3)
  3 water moccasins
  A floating eye (shapeshifter) (D:15)
  A demonspawn skeleton (Crypt:2)
  A black bear (Lair:2)
  12 orc warriors
  A blink frog zombie (Crypt:3)
  An ogre (Orc:2)
  2 necrophages
  3 boggarts
  9 wolves
  A dream sheep skeleton (Crypt:2)
  A yaktaur zombie (Crypt:3)
  3 elf zombies (Elf:1)
  A kobold brigand (D:11)
  4 earth elementals
  2 bullfrogs (Lair:1)
  A komodo dragon skeleton (Crypt:1)
  A raiju zombie (Crypt:3)
  5 nameless horrors
  A spectral wolf (Depths:3)
  A vampire bat (Lair:3)
  A wolf skeleton (Crypt:2)
  An orc priest (Orc:1)
  A centaur skeleton (Crypt:2)
  A basilisk skeleton (Crypt:2)
  4 orc wizards
  An acid dragon skeleton (Crypt:3)
  5 mummies (Crypt:3)
  A gnoll (D:10)
  A lava snake skeleton (Crypt:1)
  A halfling skeleton (Crypt:1)
  8 orcs
  An endoplasm (Lair:5)
  2 bats (Lair:3)
  2 kobolds (Depths:3)
  3 bushes (Zot:3)
  A withered plant (Depths:3)
1359 creatures vanquished.

Vanquished Creatures (others)
  Saint Roka (Depths:1)
  A caustic shrike (Depths:1)
  A deep elf master archer (Elf:3)
  Agnes (Elf:2)
  A storm dragon (Zot:1)
  A tengu reaver (Depths:1)
  2 draconian monks
  A nagaraja (Snake:4)
  4 fire giants
  5 draconian knights
  A draconian scorcher (Zot:4)
  2 vault wardens
  A draconian annihilator (Zot:1)
  A demonspawn blood saint (WizLab)
  A ghoul (Crypt:3)
  An ironbound preserver (Vaults:4)
  A war gargoyle (Vaults:4)
  2 very ugly things (D:15)
  A vampire knight (Depths:4)
  A green draconian (Depths:4)
  A red draconian (Zot:1)
  2 white draconians (Zot:3)
  2 stone giants
  3 black draconians
  A dire elephant (Vaults:1)
  3 yellow draconians (Zot:1)
  2 spark wasps (Depths:4)
  A deep elf death mage (Crypt:3)
  A fire dragon (Depths:4)
  3 jiangshi (Crypt:3)
  A ragged hierophant (Desolation)
  A deep elf high priest (Vaults:4)
  4 yaktaur captains
  2 ice dragons
  2 naga warriors
  A boulder beetle (Vaults:2)
  A vault guard (Vaults:1)
  2 servants of whispers (Desolation)
  An alligator snapping turtle (Shoals:4)
  6 centaur warriors
  An ironbound frostheart (Vaults:2)
  2 dancing weapons
  4 naga sharpshooters
  3 shock serpents
  An iron troll (Depths:1)
  A hell knight (Depths:2)
  A deep elf knight (Elf:1)
  3 deep elf archers
  3 deep trolls
  A lindwurm (Vaults:1)
  A bog body (Crypt:3)
  2 harpies (Vaults:1)
  A deep elf pyromancer (Elf:2)
  A deep elf zephyrmancer (Elf:3)
  2 ugly things
  A guardian serpent (shapeshifter) (Elf:2)
  3 salamanders (Snake:4)
  2 manticores
  A guardian serpent (Snake:4)
  3 black mambas
  A hellion (WizLab)
  6 vault sentinels
  7 yaktaurs
  A meliai (D:10)
  2 slime creatures (D:7)
  2 flying skulls (Crypt:3)
  An air elemental (Elf:1)
  A water elemental (Elf:1)
  2 nagas
  2 water moccasins (Lair:3)
  A centaur (Depths:3)
  2 ancestors
  32 knights
  A kobold (Depths:3)
  1213 fulminant prisms
  75 fungi
  208 plants
  10 tentacles (Shoals:4)
  8 withered plants (Desolation)
1682 creatures vanquished.

Grand Total: 4188 creatures vanquished

Notes
Turn   | Place    | Note
-------+----------+-------------------------------------------
     0 | D:1      | Rokas666666 the Deep Elf Conjurer began the quest for the
                  | Orb.
     0 | D:1      | Reached XP level 1. HP: 10/10 MP: 6/6
   106 | D:1      | Reached XP level 2. HP: 15/15 MP: 0/8
   235 | D:1      | Learned a level 2 spell: Searing Ray
   546 | D:1      | Reached skill level 5 in Conjurations
   828 | D:1      | Reached XP level 3. HP: 19/19 MP: 8/10
  1660 | D:2      | Found a faded altar of an unknown god.
  2777 | D:3      | Found Widiwuh's Jewellery Shop.
  2953 | D:3      | Reached XP level 4. HP: 18/24 MP: 8/12
  3177 | D:3      | Learned a level 4 spell: Fulminant Prism
  3183 | D:3      | Noticed Robin
  3215 | D:3      | Killed Robin
  3221 | D:3      | Reached skill level 1 in Hexes
  3606 | D:3      | Found a shimmering blue altar of Sif Muna.
  3869 | D:4      | Reached XP level 5. HP: 28/28 MP: 14/14
  3960 | D:4      | Reached skill level 5 in Spellcasting
  4060 | D:4      | Found an iron altar of Okawaru.
  4428 | D:4      | Noticed an ogre
  4454 | D:4      | Killed an ogre
  4455 | D:4      | Reached XP level 6. HP: 32/32 MP: 17/17
  5329 | D:5      | Entered Level 5 of the Dungeon
  5535 | D:5      | Reached XP level 7. HP: 32/36 MP: 15/19
  6666 | D:5      | Found a glowing silver altar of Zin.
  6787 | D:5      | Reached skill level 5 in Dodging
  6839 | D:5      | Reached XP level 8. HP: 41/41 MP: 22/22
  6966 | D:5      | Reached skill level 5 in Hexes
  7070 | D:5      | Learned a level 3 spell: Summon Guardian Golem
  7829 | D:6      | Reached skill level 1 in Summonings
  8059 | D:6      | Noticed Prince Ribbit
  8066 | D:6      | Killed Prince Ribbit
  8542 | D:6      | Noticed Grinder
  8551 | D:6      | Killed Grinder
  8552 | D:6      | Reached XP level 9. HP: 45/45 MP: 19/24
  8844 | D:7      | Found a shimmering altar of Xom.
  8852 | D:7      | Found Rigap's Weapon Shop.
  8876 | D:7      | Found a staircase to the Ecumenical Temple.
  8885 | Temple   | Entered the Ecumenical Temple
  9165 | Temple   | Became a worshipper of Hepliaklqana the Forgotten
  9975 | D:7      | Found a white marble altar of Elyvilon.
  9976 | D:7      | Found Pev Poul's Gadget Gallery.
 11116 | D:7      | Reached skill level 10 in Spellcasting
 11538 | D:7      | Killed a large slime creature
 11539 | D:7      | Reached skill level 1 in Invocations
 11539 | D:7      | Killed a large slime creature
 11781 | D:8      | Reached XP level 10. HP: 50/50 MP: 17/26
 12281 | D:8      | Noticed Harold
 12297 | D:8      | Killed Harold
 12718 | D:8      | Reached skill level 10 in Hexes
 13129 | D:8      | Learned a level 5 spell: Yara's Violent Unravelling
 13171 | D:8      | Noticed Pikel
 13180 | D:8      | Killed Pikel
 13394 | D:8      | Noticed Maurice
 13421 | D:8      | Killed Maurice
 13685 | D:8      | Reached * piety under Hepliaklqana
 13754 | D:8      | Noticed an ogre mage
 15050 | D:10     | Entered Level 10 of the Dungeon
 15073 | D:10     | Reached XP level 11. HP: 47/48 MP: 28/28
 15153 | D:10     | Learned a level 2 spell: Blink
 15240 | D:10     | Noticed Snorg
 15252 | D:10     | Killed Snorg
 15693 | D:10     | Reached ** piety under Hepliaklqana
 15695 | D:10     | Remembered your ancestor Khabaw as a knight
 16218 | D:10     | Found a blossoming altar of Fedhas.
 16260 | D:10     | Noticed a wizard
 16274 | D:10     | Noticed a centaur warrior
 16292 | D:10     | Killed a centaur warrior
 16800 | D:10     | Noticed a centaur warrior
 16807 | D:10     | Killed a centaur warrior
 16808 | D:10     | Reached skill level 5 in Invocations
 17413 | D:10     | Found a runed translucent door.
 17413 | D:10     | Found a runed translucent door.
 17413 | D:10     | Noticed an orc knight
 17487 | D:10     | Noticed a two-headed ogre
 17499 | D:10     | Killed a two-headed ogre
 17534 | D:10     | Identified the +9 dagger of Nuyseczu {freeze, rElec Int+4}
 17534 | D:10     | Noticed a deep elf pyromancer
 17539 | D:10     | Killed a deep elf pyromancer
 17688 | D:10     | Noticed an orc knight
 17699 | D:9      | Learned a level 7 spell: Enfeeble
 18102 | D:10     | Killed an orc knight
 18371 | D:10     | Killed a wizard
 18554 | D:10     | Reached skill level 10 in Conjurations
 18730 | D:10     | Killed an orc knight
 19579 | D:11     | Reached skill level 10 in Dodging
 19927 | D:11     | Noticed a two-headed ogre
 19935 | D:11     | Killed a two-headed ogre
 19936 | D:11     | Reached XP level 12. HP: 53/53 MP: 31/31
 20340 | D:11     | Noticed a two-headed ogre
 20361 | D:11     | Noticed a catoblepas
 20374 | D:11     | Killed a catoblepas
 20556 | D:11     | Killed a two-headed ogre
 20609 | D:11     | Reached skill level 5 in Summonings
 20897 | D:11     | Found a staircase to the Lair.
 20976 | D:11     | Noticed a boulder beetle
 20991 | D:11     | Killed a boulder beetle
 21681 | D:12     | Reached skill level 1 in Evocations
 21688 | D:12     | Noticed a two-headed ogre
 21982 | D:12     | Noticed a boulder beetle
 21991 | D:12     | Reached skill level 15 in Hexes
 22235 | D:12     | Killed a two-headed ogre
 22236 | D:12     | Reached XP level 13. HP: 56/56 MP: 30/33
 22338 | D:12     | Identified the +4 falchion of Temperance {holy, Will+
                  | Dex+3}
 22395 | D:11     | Identified a scroll of acquirement
 22396 | D:11     | Acquired the Catalogue of the Glacial Oath
 22401 | D:11     | Learned a level 1 spell: Slow
 22407 | D:11     | Learned a level 5 spell: Metabolic Englaciation
 22869 | D:12     | Found a staircase to the Orcish Mines.
 22899 | D:12     | Identified the +1 hat of the Learner {Harm rElec MP+9 Str+4
                  | Int-4}
 24413 | D:13     | Reached *** piety under Hepliaklqana
 24903 | D:13     | Reached skill level 15 in Spellcasting
 25086 | D:13     | Noticed a tengu reaver
 25281 | D:12     | Acquired 667 gold pieces
 25873 | D:13     | Killed a tengu reaver
 26296 | D:13     | Noticed a frost giant
 27925 | D:13     | Killed a frost giant
 28308 | D:11     | Learned a level 4 spell: Leda's Liquefaction
 28354 | Lair:1   | Entered Level 1 of the Lair of Beasts
 30270 | Lair:2   | Reached XP level 14. HP: 61/61 MP: 35/35
 30872 | Lair:2   | Reached **** piety under Hepliaklqana
 30910 | Lair:2   | Reached skill level 1 in Fighting
 32220 | Lair:3   | Noticed Rupert
 32232 | Lair:3   | Killed Rupert
 32261 | Lair:3   | Found a staircase to the Shoals.
 32559 | Lair:3   | Reached skill level 1 in Ice Magic
 33581 | Lair:3   | Found a staircase to the Snake Pit.
 35338 | Lair:4   | Identified the +0 plate armour of Catatonia {Rampage rF+
                  | rN+}
 36248 | Lair:5   | Reached ***** piety under Hepliaklqana
 36609 | Lair:5   | Found a staircase to the Slime Pits.
 37192 | Orc:1    | Entered Level 1 of the Orcish Mines
 37232 | Orc:1    | Noticed an orc warlord
 37250 | Orc:1    | Killed an orc warlord
 37386 | Orc:1    | Found a frozen archway.
 37422 | IceCv    | Entered an ice cave
 37433 | IceCv    | Found a transporter.
 37503 | IceCv    | Found a transporter.
 37509 | IceCv    | Identified the +9 quarterstaff of the Hall of Blades {elec,
                  | rN+ rCorr}
 38171 | Orc:2    | Entered Level 2 of the Orcish Mines
 38294 | Orc:2    | Found a runed translucent gate.
 38294 | Orc:2    | Found a runed translucent gate.
 38294 | Orc:2    | Found a runed translucent gate.
 38396 | Orc:2    | Found Esmausog's Antique Weapon Boutique.
 38537 | Orc:2    | Reached XP level 15. HP: 56/72 MP: 38/38
 38537 | Orc:2    | Noticed an orc warlord
 39040 | Orc:2    | Killed an orc warlord
 40073 | Orc:2    | Found Porog's Book Shop.
 40228 | Orc:2    | Noticed kalagan's ghost (journeyman DECj)
 40283 | Orc:2    | Identified the +4 bardiche "Imadwo" {pain, rN+ Dex+4}
 40436 | Orc:2    | Found a staircase to the Elven Halls.
 40502 | Orc:2    | Found Kaxeq's Antique Armour Shoppe.
 40512 | Orc:2    | Found Waviozxeiwk's General Store.
 40521 | Orc:2    | Bought a scroll of teleportation for 48 gold pieces
 40700 | Orc:2    | Found an iron altar of Okawaru.
 40757 | Orc:2    | Bought a scroll of identify for 32 gold pieces
 40757 | Orc:2    | Bought a scroll of identify for 32 gold pieces
 40781 | Orc:2    | Bought a pair of embroidered boots for 217 gold pieces
 40781 | Orc:2    | Bought a glowing helmet for 217 gold pieces
 41005 | Shoals:1 | Entered Level 1 of the Shoals
 41962 | Shoals:1 | Found Haqumaot's CLEARANCE SALE!.
 42020 | Shoals:1 | Bought a wand of iceblast (1) for 20 gold pieces
 42020 | Shoals:1 | Bought 2 potions of heal wounds for 40 gold pieces
 42573 | Shoals:1 | Reached skill level 5 in Fighting
 44539 | Shoals:2 | Found Zairuo's Book Boutique.
 46697 | Shoals:2 | Found a runed translucent gate.
 46698 | Shoals:2 | Found a runed translucent gate.
 46698 | Shoals:2 | Found an opulent altar of Gozag.
 46699 | Shoals:2 | Found a runed translucent gate.
 46700 | Shoals:2 | Noticed Meod's ghost (adept MiBe)
 47058 | Shoals:2 | Bought Great Wizards, Vol. VII for 540 gold pieces
 47058 | Shoals:2 | Bought a book of Dreams for 432 gold pieces
 47071 | Shoals:2 | Learned a level 3 spell: Tukima's Dance
 47076 | Shoals:2 | Learned a level 4 spell: Anguish
 47272 | Shoals:2 | Reached XP level 16. HP: 76/79 MP: 39/39
 48019 | Shoals:2 | Killed Meod's ghost
 48817 | Shoals:3 | Reached skill level 1 in Necromancy
 49171 | Shoals:3 | Identified the amulet "Furyepha" {Reflect rF- rC+ Int+3
                  | SH+5 Stlth+}
 50428 | Shoals:3 | Found a runed translucent door.
 50429 | Shoals:3 | Found a shimmering altar of Xom.
 50429 | Shoals:3 | Noticed peterlawrence's ghost (adept MiFi)
 51950 | Shoals:4 | Entered Level 4 of the Shoals
 54718 | Shoals:4 | HP: 4/81 [merfolk javelineer/javelin (16)]
 57668 | Shoals:4 | Noticed a kraken
 57750 | Shoals:4 | Killed a kraken
 58137 | Shoals:4 | Got a barnacled rune of Zot
 59769 | Shoals:3 | Killed peterlawrence's ghost
 60166 | Elf:1    | Entered Level 1 of the Elven Halls
 61372 | Elf:1    | Noticed Nikola
 61385 | Elf:1    | Killed Nikola
 61386 | Elf:1    | Reached XP level 17. HP: 86/86 MP: 28/40
 61871 | Elf:1    | Found a radiant altar of Vehumet.
 63070 | Elf:1    | Reached skill level 15 in Dodging
 64444 | Elf:1    | Got the Reference Book on Dark Rites
 64884 | Elf:1    | Noticed Aizul
 64939 | Elf:1    | Killed Aizul
 65159 | Elf:1    | Glimpsed the power of Zot.
 65285 | Elf:2    | Paralysed by an air elemental for 1 turns
 65321 | Elf:2    | Reached skill level 10 in Invocations
 65720 | Elf:2    | Noticed Agnes
 65729 | Elf:2    | Killed Agnes
 65787 | Elf:2    | Found a runed translucent gate.
 65787 | Elf:2    | Found a runed translucent gate.
 65787 | Elf:2    | Found a runed translucent gate.
 66415 | Elf:2    | Paralysed by an air elemental for 1 turns
 66419 | Elf:2    | Paralysed by an air elemental for 1 turns
 66665 | Elf:3    | Entered Level 3 of the Elven Halls
 68372 | Elf:3    | Noticed a deep elf blademaster
 68376 | Elf:3    | Noticed a deep elf master archer
 68816 | Elf:3    | Killed a deep elf master archer
 68927 | Elf:3    | Noticed a deep elf blademaster
 68937 | Elf:3    | Killed a deep elf blademaster
 69042 | Elf:3    | Killed a deep elf blademaster
 69116 | Elf:3    | Reached XP level 18. HP: 92/92 MP: 41/41
 69183 | Elf:3    | Identified the +3 great sword "Concordance" {vorpal, Contam
                  | rPois Str+4 Dex+3}
 69187 | Elf:3    | Identified the amulet of Amelioration {RegenMP Str+2}
 69193 | Elf:3    | Reached skill level 15 in Conjurations
 69199 | Elf:3    | Identified the ring of Puestuum {Will+ rCorr AC+4}
 69227 | Elf:3    | Identified the ring of Alay {rN+ SInv}
 69321 | Elf:3    | Identified the +6 great sword of a Thousand Scars {drain,
                  | Dex+4}
 69321 | Elf:3    | Identified the ring of Egomania {Wiz rC+}
 69375 | Elf:3    | Identified the amulet of Judet {Faith rPois Str+3}
 69421 | Elf:3    | Identified the amulet of Zefuul {+Inv rElec Regen+ Str-5
                  | Dex+6}
 69669 | Elf:3    | Identified the +8 spear "Zorhaot" {speed, rElec rF++ rN+
                  | MP+9}
 72568 | D:14     | Found the +7 sceptre of Torment {pain, torment}
 73043 | D:14     | Found a gate to the Vaults.
 73257 | D:14     | Found an ornate altar of the Wu Jian Council.
 73381 | D:14     | Found Ujowkuah's Antique Weapon Emporium.
 73515 | D:15     | Entered Level 15 of the Dungeon
 74606 | D:15     | Found a staircase to the Depths.
 74681 | D:15     | Found a glowing golden altar of the Shining One.
 74682 | D:15     | Found a shimmering altar of Xom.
 74683 | D:15     | Found an ancient bone altar of Kikubaaqudgha.
 75633 | D:15     | Reached XP level 19. HP: 99/99 MP: 42/42
 75658 | D:15     | Reached skill level 27 in Hexes
 76395 | D:15     | Paralysed by a floating eye for 3 turns
 76399 | D:15     | Paralysed by a floating eye for 4 turns
 77109 | D:15     | Identified the +9 scythe "Rolih" {antimagic, Contam Fragile
                  | rElec Dex+9}
 77743 | D:15     | Identified the +5 short sword of an ossuary {vorpal, *Noise
                  | rPois Str+4}
 78098 | Depths:1 | Entered Level 1 of the Depths
 78836 | Snake:1  | Entered Level 1 of the Snake Pit
 78836 | Snake:1  | Found Cuykuuv's Antique Weapon Emporium.
 79537 | Snake:1  | Found Inkufub's General Store.
 79545 | Snake:1  | Bought a scroll of fear for 63 gold pieces
 79545 | Snake:1  | Bought a scroll of noise for 18 gold pieces
 79560 | Lair:3   | Gained mutation: Your magical capacity is low. (-10% MP)
                  | [potion of mutation]
 79560 | Lair:3   | Gained mutation: Your body sometimes deteriorates upon
                  | taking damage. [potion of mutation]
 79560 | Lair:3   | Gained mutation: You passively map a small area around you.
                  | [potion of mutation]
 79561 | Lair:3   | Lost mutation: Your magical capacity is low. (-10% MP)
                  | [potion of mutation]
 79561 | Lair:3   | Lost mutation: You passively map a small area around you.
                  | [potion of mutation]
 79561 | Lair:3   | Gained mutation: You expend magic power (3 MP) to
                  | strengthen your wands. [potion of mutation]
 79561 | Lair:3   | Gained mutation: You tend to lose your temper in combat.
                  | [potion of mutation]
 79562 | Lair:3   | Lost mutation: You tend to lose your temper in combat.
                  | [potion of mutation]
 79562 | Lair:3   | Lost mutation: You expend magic power (3 MP) to strengthen
                  | your wands. [potion of mutation]
 79562 | Lair:3   | Gained mutation: Your natural rate of healing is unusually
                  | fast. [potion of mutation]
 79562 | Lair:3   | Gained mutation: You are partially covered in iridescent
                  | scales. (AC +2) [potion of mutation]
 79562 | Lair:3   | Gained mutation: Your flesh is cold resistant. (rC+)
                  | [potion of mutation]
 79563 | Lair:3   | Lost mutation: You are partially covered in iridescent
                  | scales. (AC +2) [potion of mutation]
 79563 | Lair:3   | Lost mutation: Your body sometimes deteriorates upon taking
                  | damage. [potion of mutation]
 79563 | Lair:3   | Gained mutation: Your spells are a little harder to cast,
                  | but a little more powerful. [potion of mutation]
 79563 | Lair:3   | Lost mutation: Your natural rate of healing is unusually
                  | fast. [potion of mutation]
 79563 | Lair:3   | Gained mutation: Your body sometimes deteriorates upon
                  | taking damage. [potion of mutation]
 79564 | Lair:3   | Lost mutation: Your body sometimes deteriorates upon taking
                  | damage. [potion of mutation]
 79564 | Lair:3   | Lost mutation: Your flesh is cold resistant. (rC+) [potion
                  | of mutation]
 79564 | Lair:3   | Lost mutation: Your spells are a little harder to cast, but
                  | a little more powerful. [potion of mutation]
 79564 | Lair:3   | Gained mutation: You are robust. (+10% HP) [potion of
                  | mutation]
 79564 | Lair:3   | Lost mutation: You are robust. (+10% HP) [potion of
                  | mutation]
 79564 | Lair:3   | Gained mutation: You are resistant to electric shocks.
                  | (rElec) [potion of mutation]
 79689 | Snake:1  | Found Udereh's Antique Weapon Shop.
 80044 | Snake:1  | Found a snail-covered altar of Cheibriados.
 80221 | Snake:1  | You are sucked into a shaft and drop 1 floor!
 80433 | Snake:2  | Found Cuisho's Assorted Antiques.
 80435 | Snake:2  | Found Ucsumemm's Magic Scroll Shoppe.
 80437 | Snake:2  | Found Vuez Map's Armour Emporium.
 80441 | Snake:2  | Bought a scroll of teleportation for 93 gold pieces
 80443 | Snake:2  | Bought a scroll of magic mapping for 42 gold pieces
 80443 | Snake:2  | Bought a scroll of teleportation for 36 gold pieces
 80452 | Snake:2  | Found Jiamel's Distillery.
 80485 | Snake:2  | Bought a potion of mutation for 112 gold pieces
 80485 | Snake:2  | Bought a potion of mutation for 112 gold pieces
 80485 | Snake:2  | Bought a potion of haste for 140 gold pieces
 80485 | Snake:2  | Bought a potion of curing for 42 gold pieces
 81090 | Snake:1  | Lost mutation: You are resistant to electric shocks.
                  | (rElec) [potion of mutation]
 81090 | Snake:1  | Gained mutation: You are partially covered in iridescent
                  | scales. (AC +2) [potion of mutation]
 81090 | Snake:1  | Gained mutation: You possess an exceptional clarity of
                  | mind. [potion of mutation]
 81090 | Snake:1  | Gained mutation: You have sharp toenails. [potion of
                  | mutation]
 81091 | Snake:1  | Lost mutation: You have sharp toenails. [potion of
                  | mutation]
 81091 | Snake:1  | Lost mutation: You are partially covered in iridescent
                  | scales. (AC +2) [potion of mutation]
 81091 | Snake:1  | Gained mutation: Your mind is acute. (Int +2) [potion of
                  | mutation]
 83907 | Snake:4  | Entered Level 4 of the Snake Pit
 84703 | Snake:3  | Acquired a staff of conjuration
 85086 | Snake:4  | Reached skill level 10 in Fighting
 85567 | Snake:4  | Noticed Asterion
 85578 | Snake:4  | Killed Asterion
 86943 | Snake:4  | Noticed Vashnia
 86969 | Snake:4  | Reached XP level 20. HP: 61/105 MP: 10/45
 87552 | Snake:4  | Killed Vashnia
 87974 | Snake:4  | Got a serpentine rune of Zot
 88698 | Vaults:1 | Entered Level 1 of the Vaults
 89152 | Vaults:1 | Identified the +1 leather armour "Lanul" {rC++ Str-5 Int+2
                  | SInv}
 90699 | Vaults:1 | Found Ixel's Armour Emporium.
 92431 | Vaults:2 | Found a portal to a secret trove of treasure.
 92641 | Vaults:2 | Found a flickering gateway to a bazaar.
 92653 | Bazaar   | Entered a bazaar
 92653 | Bazaar   | Found Ugech's Magic Scroll Boutique.
 92657 | Bazaar   | Found Ymoedoiz's Antique Weapon Shoppe.
 92663 | Bazaar   | Found Voetir's Weapon Shop.
 92670 | Bazaar   | Found Rupamp's Magic Scroll Shop.
 92696 | Bazaar   | Found Icixt's Assorted Antiques.
 92720 | Bazaar   | Bought a scroll of noise for 30 gold pieces
 92720 | Bazaar   | Bought an encrusted moonstone ring for 150 gold pieces
 92720 | Bazaar   | Bought a scroll of noise for 30 gold pieces
 92720 | Bazaar   | Bought a scroll of fog for 60 gold pieces
 92734 | Bazaar   | Bought a scroll of teleportation for 30 gold pieces
 92734 | Bazaar   | Bought a scroll of fog for 20 gold pieces
 92751 | Bazaar   | Bought a scroll of amnesia for 28 gold pieces
 92751 | Bazaar   | Bought a scroll of blinking for 60 gold pieces
 92751 | Bazaar   | Bought a scroll of fear for 28 gold pieces
 92751 | Bazaar   | Bought a scroll of teleportation for 24 gold pieces
 92751 | Bazaar   | Bought a scroll of blinking for 60 gold pieces
 93061 | Vaults:2 | You paid a toll of 13 scrolls of teleportation to enter a
                  | treasure trove
 93062 | Trove    | Entered a treasure trove
 93069 | Trove    | Identified the amulet of Yleag {Faith Will+ Dex+7}
 93079 | Trove    | Identified the ring of Peheas {Drain rF+ rN+++ SInv Stlth+}
 93083 | Trove    | Identified the +12 crystal plate armour of the Ant {Str+3}
 94547 | Vaults:2 | Reached XP level 21. HP: 99/112 MP: 47/47
 94610 | Vaults:2 | Found Meunog's Magic Scroll Shop.
 94611 | Vaults:2 | Noticed Boris
 94621 | Vaults:2 | Killed Boris
 94648 | Vaults:2 | Bought a scroll of fog for 38 gold pieces
 94648 | Vaults:2 | Bought a scroll of blinking for 142 gold pieces
 94648 | Vaults:2 | Bought a scroll of enchant armour for 142 gold pieces
 94648 | Vaults:2 | Bought a scroll of teleportation for 57 gold pieces
 95026 | Vaults:3 | Found a crumbling gateway.
 95036 | Desolati | Entered the Desolation of Salt
 95965 | Desolati | Identified the +3 robe of the Meadowlark {-Tele rPois rN+++
                  | rCorr}
 96184 | Desolati | Identified the ring "Teggydgh" {rPois rF+ rN+ Int+6 Dex-4}
 96189 | Desolati | Got the Papyrus of Cold and the Oath
 96731 | Desolati | Got the Disquisition on Spatial Venom
 96733 | Desolati | Identified the ring "Pykuqih" {rC+ Str+6}
 97180 | Desolati | Got the Papyrus of the Mutagenic Escort
 97186 | Desolati | Learned a level 4 spell: Summon Lightning Spire
 97216 | Desolati | Found the +3 Mad Mage's Maulers {Infuse+∞ RegenMP Int-3}
 97342 | Desolati | Reached ****** piety under Hepliaklqana
 97703 | Desolati | Identified the +1 leather armour of Tutargh {*Corrode rPois
                  | rF+ Str+4 Int+3}
 98112 | Vaults:3 | Found a staircase to the Crypt.
 99378 | Vaults:3 | Reached XP level 22. HP: 119/119 MP: 49/49
100353 | Vaults:3 | Lost mutation: Your mind is acute. (Int +2) [potion of
                  | mutation]
100353 | Vaults:3 | Lost mutation: You possess an exceptional clarity of mind.
                  | [potion of mutation]
100353 | Vaults:3 | Gained mutation: You have a beak for a mouth. [potion of
                  | mutation]
100354 | Vaults:3 | Lost mutation: You have a beak for a mouth. [potion of
                  | mutation]
100354 | Vaults:3 | Gained mutation: Your spells are a little harder to cast,
                  | but a little more powerful. [potion of mutation]
100923 | Vaults:4 | Found a magical portal.
101018 | WizLab   | Entered The Hall of the Hellbinder
101461 | WizLab   | Got the Reference Book on Summoning
101722 | WizLab   | Found a burning altar of Makhleb.
101777 | WizLab   | Identified the +2 cloak of Fallacy {Slay+5}
101796 | WizLab   | Got the Compendium of the Entourage
102037 | Vaults:4 | Learned a level 7 spell: Monstrous Menagerie
103452 | Vaults:4 | Got the Handbook of the Mountains
103731 | Vaults:4 | Identified the ring of Fyloi {rPois Int+6 SInv Stlth+}
104936 | Depths:1 | Found Zunumuronn's Jewellery Boutique.
104976 | Depths:1 | Learned a level 2 spell: Passwall
105398 | Depths:1 | Noticed a caustic shrike
105487 | Depths:1 | Identified the ring "Peth" {+Blink rN+}
105722 | Depths:1 | Killed a caustic shrike
106183 | Depths:1 | Found a gateway to Hell.
106252 | Depths:1 | Reached XP level 23. HP: 126/126 MP: 53/53
106412 | Depths:1 | Noticed Saint Roka
106423 | Depths:1 | Killed Saint Roka
106912 | Depths:1 | Found a one-way gate leading to the halls of Pandemonium.
107538 | Depths:2 | Found Riotompi's Antique Armour Boutique.
107617 | Depths:2 | Reached skill level 10 in Summonings
107618 | Depths:2 | Noticed Boris
107632 | Depths:2 | Killed Boris
107836 | Depths:2 | Bought a warped leather armour for 322 gold pieces
107836 | Depths:2 | Identified the +2 leather armour of Eternal Vigilance
                  | {rPois} (You bought it in a shop on level 2 of the Depths)
108292 | Depths:2 | Found a sacrificial altar of Ru.
108454 | Depths:1 | Bought the ring "Hiegg" {Fly MP+9 Str+6} for 1120 gold
                  | pieces
111010 | Depths:3 | Found Myrcher's Jewellery Shoppe.
111011 | Depths:3 | Found Ciucam's Book Boutique.
111012 | Depths:3 | Found Byez Riq's Jewellery Shoppe.
112061 | Depths:3 | Found an ancient bone altar of Kikubaaqudgha.
112232 | Depths:3 | Noticed a dread lich
112248 | Depths:3 | Killed a dread lich
112374 | Depths:3 | Found an ancient bone altar of Kikubaaqudgha.
112531 | Depths:3 | Identified the +2 scale mail of the Old World {Drain rPois
                  | MP+9 Dex+4}
112590 | Depths:3 | Found a one-way gate to the infinite horrors of the Abyss.
112674 | Depths:3 | Found The Legendary Ysoges's Legendary Smithy.
112718 | Depths:3 | Found Aqaschuna's Miraculous Elixirs.
112755 | Depths:3 | Found a radiant altar of Vehumet.
112881 | Depths:3 | Found Mocol's General Store.
112957 | Depths:3 | Bought a scroll of blinking for 157 gold pieces
112957 | Depths:3 | Bought a potion of invisibility for 168 gold pieces
112957 | Depths:3 | Bought a scroll of teleportation for 63 gold pieces
112984 | Depths:3 | Bought a potion of mutation for 400 gold pieces
112984 | Depths:3 | Bought a potion of mutation for 400 gold pieces
112984 | Depths:3 | Bought a potion of mutation for 400 gold pieces
112984 | Depths:3 | Bought a potion of mutation for 400 gold pieces
112984 | Depths:3 | Bought a potion of mutation for 400 gold pieces
112984 | Depths:3 | Bought a potion of mutation for 400 gold pieces
112984 | Depths:3 | Bought a potion of mutation for 400 gold pieces
112984 | Depths:3 | Bought a potion of mutation for 400 gold pieces
112984 | Depths:3 | Bought a potion of mutation for 400 gold pieces
112984 | Depths:3 | Bought a potion of mutation for 400 gold pieces
113055 | Depths:4 | Entered Level 4 of the Depths
113229 | Depths:4 | Identified the +2 hunting sling of Change {flame, +Blink
                  | Int-2 Dex+5 Stlth+}
114590 | Depths:4 | Noticed a juggernaut
114608 | Depths:4 | Killed a juggernaut
114713 | Depths:4 | Reached XP level 24. HP: 132/132 MP: 54/54
114980 | Depths:4 | Found a gate to the Realm of Zot.
115125 | Depths:4 | Found a one-way gateway to a ziggurat.
115359 | Depths:4 | Reached skill level 15 in Summonings
116601 | Slime:1  | Entered Level 1 of the Pits of Slime
116953 | Slime:2  | Gained mutation: You are clumsy. (Dex -2) [a shining eye]
117050 | Slime:2  | Gained mutation: Armour fits poorly on your strangely
                  | shaped body. [a shining eye]
117303 | Slime:1  | Reached skill level 1 in Staves
118417 | Slime:3  | Learned a level 8 spell: Summon Horrible Things
118860 | Slime:4  | Gained mutation: You are frail. (-10% HP) [a shining eye]
118934 | Slime:5  | Entered Level 5 of the Pits of Slime
119950 | Slime:5  | Noticed the Royal Jelly
120483 | Slime:4  | Lost mutation: Your spells are a little harder to cast, but
                  | a little more powerful. [potion of mutation]
120483 | Slime:4  | Lost mutation: You are clumsy. (Dex -2) [potion of
                  | mutation]
120483 | Slime:4  | Gained mutation: You are clumsy. (Dex -2) [potion of
                  | mutation]
120484 | Slime:4  | Lost mutation: You are clumsy. (Dex -2) [potion of
                  | mutation]
120484 | Slime:4  | Lost mutation: You are frail. (-10% HP) [potion of
                  | mutation]
120484 | Slime:4  | Gained mutation: Your spells are a little easier to cast,
                  | but a little less powerful. [potion of mutation]
120484 | Slime:4  | Gained mutation: You are robust. (+10% HP) [potion of
                  | mutation]
120485 | Slime:4  | Lost mutation: Your spells are a little easier to cast, but
                  | a little less powerful. [potion of mutation]
120485 | Slime:4  | Lost mutation: You are robust. (+10% HP) [potion of
                  | mutation]
120485 | Slime:4  | Gained mutation: You expend magic power (3 MP) to
                  | strengthen your wands. [potion of mutation]
120485 | Slime:4  | Gained mutation: You have a pair of small antennae on your
                  | head. [potion of mutation]
120486 | Slime:4  | Lost mutation: You expend magic power (3 MP) to strengthen
                  | your wands. [potion of mutation]
120486 | Slime:4  | Lost mutation: You have a pair of small antennae on your
                  | head. [potion of mutation]
120486 | Slime:4  | Lost mutation: Armour fits poorly on your strangely shaped
                  | body. [potion of mutation]
120486 | Slime:4  | Gained mutation: You passively map a small area around you.
                  | [potion of mutation]
120486 | Slime:4  | Gained mutation: You passively map the area around you.
                  | [potion of mutation]
120486 | Slime:4  | Gained mutation: Your muscles are strong. (Str +2) [potion
                  | of mutation]
122546 | Slime:5  | Killed the Royal Jelly
122822 | Slime:5  | Identified the ring "Qutwecua" {rPois rF+}
122847 | Slime:5  | Got the Volume of Venom and Heat
122851 | Slime:5  | Identified the +5 battleaxe of Division {vorpal, Drain
                  | +Blink Str+5 Dex+2}
122878 | Slime:5  | Identified the ring of Ajibael {rN++ Dex-3 SInv}
122890 | Slime:5  | Got a slimy rune of Zot
122900 | Slime:5  | Identified the +6 long sword of Indomitability {distort,
                  | rF+ Dex+4}
123282 | Slime:5  | Identified the +3 leather armour "Acagg" {rF- Regen+ Str+3
                  | SInv}
123291 | Slime:5  | Lost mutation: You passively map the area around you.
                  | [potion of mutation]
123291 | Slime:5  | Lost mutation: Your muscles are strong. (Str +2) [potion of
                  | mutation]
123291 | Slime:5  | Lost mutation: You passively map a small area around you.
                  | [potion of mutation]
123291 | Slime:5  | Gained mutation: You are strong-willed. (Will+) [potion of
                  | mutation]
123291 | Slime:5  | Gained mutation: Your body sometimes deteriorates upon
                  | taking damage. [potion of mutation]
123292 | Slime:5  | Lost mutation: You are strong-willed. (Will+) [potion of
                  | mutation]
123292 | Slime:5  | Lost mutation: Your body sometimes deteriorates upon taking
                  | damage. [potion of mutation]
123292 | Slime:5  | Gained mutation: You sometimes lose the ability to read
                  | scrolls when taking damage. [potion of mutation]
123292 | Slime:5  | Gained mutation: You have a pair of small horns on your
                  | head. [potion of mutation]
123292 | Slime:5  | Gained mutation: You are strong-willed. (Will+) [potion of
                  | mutation]
123293 | Slime:5  | Lost mutation: You have a pair of small horns on your head.
                  | [potion of mutation]
123293 | Slime:5  | Lost mutation: You sometimes lose the ability to read
                  | scrolls when taking damage. [potion of mutation]
123293 | Slime:5  | Lost mutation: You are strong-willed. (Will+) [potion of
                  | mutation]
123293 | Slime:5  | Gained mutation: You are frail. (-10% HP) [potion of
                  | mutation]
123293 | Slime:5  | Gained mutation: You have a pair of small antennae on your
                  | head. [potion of mutation]
123294 | Slime:5  | Lost mutation: You are frail. (-10% HP) [potion of
                  | mutation]
123294 | Slime:5  | Lost mutation: You have a pair of small antennae on your
                  | head. [potion of mutation]
123294 | Slime:5  | Gained mutation: Your mind is acute. (Int +2) [potion of
                  | mutation]
123294 | Slime:5  | Gained mutation: You are weak. (Str -2) [potion of
                  | mutation]
123294 | Slime:5  | Gained mutation: You are frail. (-10% HP) [potion of
                  | mutation]
123295 | Slime:5  | Lost mutation: You are weak. (Str -2) [potion of mutation]
123295 | Slime:5  | Lost mutation: You are frail. (-10% HP) [potion of
                  | mutation]
123295 | Slime:5  | Gained mutation: You are occasionally teleported next to
                  | monsters. [potion of mutation]
123295 | Slime:5  | Gained mutation: You are partially covered in large bone
                  | plates. (SH +4) [potion of mutation]
123295 | Slime:5  | Gained mutation: You are strong-willed. (Will+) [potion of
                  | mutation]
123296 | Slime:5  | Lost mutation: You are strong-willed. (Will+) [potion of
                  | mutation]
123296 | Slime:5  | Lost mutation: Your mind is acute. (Int +2) [potion of
                  | mutation]
123296 | Slime:5  | Gained mutation: You are resistant to electric shocks.
                  | (rElec) [potion of mutation]
123296 | Slime:5  | Gained mutation: Armour fits poorly on your strangely
                  | shaped body. [potion of mutation]
123296 | Slime:5  | Gained mutation: You are dopey. (Int -2) [potion of
                  | mutation]
123297 | Slime:5  | Lost mutation: You are occasionally teleported next to
                  | monsters. [potion of mutation]
123297 | Slime:5  | Lost mutation: You are partially covered in large bone
                  | plates. (SH +4) [potion of mutation]
123297 | Slime:5  | Lost mutation: Armour fits poorly on your strangely shaped
                  | body. [potion of mutation]
123297 | Slime:5  | Gained mutation: Your body sometimes deteriorates upon
                  | taking damage. [potion of mutation]
123297 | Slime:5  | Gained mutation: Your magical capacity is low. (-10% MP)
                  | [potion of mutation]
123297 | Slime:5  | Gained mutation: Your skin changes colour to match your
                  | surroundings (Stealth+). [potion of mutation]
123298 | Slime:5  | Lost mutation: Your body sometimes deteriorates upon taking
                  | damage. [potion of mutation]
123298 | Slime:5  | Lost mutation: You are resistant to electric shocks.
                  | (rElec) [potion of mutation]
123298 | Slime:5  | Lost mutation: You are dopey. (Int -2) [potion of mutation]
123298 | Slime:5  | Gained mutation: You are strong-willed. (Will+) [potion of
                  | mutation]
123298 | Slime:5  | Gained mutation: You have a pair of small horns on your
                  | head. [potion of mutation]
123298 | Slime:5  | Gained mutation: You are somewhat resistant to further
                  | mutation. [potion of mutation]
123857 | Crypt:1  | Entered Level 1 of the Crypt
124515 | Crypt:1  | Reached XP level 25. HP: 136/136 MP: 49/49
125657 | Crypt:2  | Noticed Bai Suzhen
125760 | Crypt:2  | Killed Bai Suzhen
126657 | Crypt:2  | Noticed Frederick
126666 | Crypt:2  | Killed Frederick
127111 | Crypt:3  | Entered Level 3 of the Crypt
127494 | Crypt:3  | Acquired 664 gold pieces
128096 | Crypt:3  | Found a staircase to the Tomb.
129046 | Crypt:3  | Identified the +6 scale mail of Death Resistance {Harm MP+9
                  | Dex+4}
129402 | Crypt:3  | Noticed a royal mummy
129416 | Crypt:3  | Killed a royal mummy
130317 | Crypt:3  | Identified the ring of Asoumm {*Corrode rPois rF++ rN+
                  | Int+6}
132123 | Crypt:3  | Identified the +9 glaive of the Immovable Ships {antimagic,
                  | *Rage Fragile rElec Int+7}
132692 | Crypt:3  | Got the Reference Book on Sinister Arts
133227 | Zot:1    | Entered Level 1 of the Realm of Zot
135257 | Zot:1    | Reached XP level 26. HP: 141/142 MP: 49/49
137625 | Zot:2    | Learned a level 7 spell: Haunt
137628 | Zot:3    | Noticed an orb of fire
137702 | Zot:3    | You are sucked into a shaft and drop 1 floor!
138851 | Zot:4    | Noticed an orb of fire
138869 | Zot:4    | Killed an orb of fire
139331 | Zot:3    | Noticed an orb of fire
139338 | Zot:3    | Killed an orb of fire
139704 | Zot:3    | Got the Incunabulum of Fire and Companions
140018 | Zot:3    | Killed an orb of fire
141099 | Zot:5    | Entered Level 5 of the Realm of Zot
141282 | Zot:5    | Reached skill level 27 in Summonings
141600 | Zot:5    | Noticed an orb of fire
141600 | Zot:5    | Noticed an orb of fire
141602 | Zot:5    | Noticed a dread lich
141603 | Zot:5    | Noticed an orb of fire
142064 | Zot:5    | Killed an orb of fire
142354 | Zot:5    | Reached XP level 27. HP: 146/146 MP: 49/49
142363 | Zot:5    | Noticed an orb of fire
142374 | Zot:5    | Killed an orb of fire
142617 | Zot:5    | Noticed an ancient lich
142626 | Zot:5    | Killed an ancient lich
142706 | Zot:5    | Killed a dread lich
143172 | Zot:5    | Noticed an orb of fire
143190 | Zot:5    | Killed an orb of fire
143339 | Zot:5    | Noticed a dread lich
143357 | Zot:5    | Killed a dread lich
144993 | Zot:5    | Noticed an orb of fire
145006 | Zot:5    | Killed an orb of fire
145285 | Zot:5    | Killed an orb of fire
146561 | Zot:5    | Noticed an orb of fire
146578 | Zot:5    | Killed an orb of fire
146703 | Zot:5    | Killed an orb of fire
147454 | Zot:5    | Reached skill level 27 in Dodging
147769 | Zot:5    | Learned a level 3 spell: Swiftness
150731 | Zot:5    | Got the Orb of Zot
151289 | D:$      | Escaped with the Orb!

Illustrated notes

Levels and vault maps discovered:
D:1:      wander_arrival_lonely_grave, layout_basic
D:2:      layout_basic, shapermc_ecumenical_altar_hornbeckon
D:3:      layout_basic, mainiacjoe_overflow_24_doors, serial_shops,
          nicolae_shop_hallway_stairs, uniq_robin
D:4:      nicolae_cairo_tiling_large_dashed, layout_loops_corners,
          mainiacjoe_overflow_small_starburst
D:5:      kennysheep_six_static_rooms, layout_basic,
          mainiacjoe_overflow_chevrons
D:6:      layout_gridville, minmay_misc_feat_four_crosses, uniq_prince_ribbit1,
          uniq_grinder
D:7:      black_bear_nest_2, layout_basic, mainiacjoe_overflow_cross_hatched,
          mainiacjoe_overflow_boulevard, minmay_temple_entry_large_hall,
          serial_shops, shop, nicolae_shop_gadgets
D:8:      layout_gridville, wad_dig_loot, uniq_harold, uniq_pikel, uniq_maurice
D:9:      layout_rooms
D:10:     minmay_the_grid_triangle_9x9_recursive_2
          [minmay_the_grid_triangle_9x9_prize_top_heavy,
          minmay_the_grid_triangle_9x9_thin_v,
          minmay_the_grid_triangle_9x9_zippers_vertical,
          minmay_the_grid_triangle_9x9_tough_junction], layout_basic,
          fedhas_altar_fruit_tree, lemuel_another_geyser, uniq_snorg
D:11:     nzn_motion_control, layout_loops_corners, minmay_lair_entry_grove
D:12:     layout_rooms, orc_0_dummy
D:13:     minmay_expanding_squares, layout_basic
D:14:     layout_cave_pools, david_vaults_1, minmay_misc_feat_doors,
          serial_shops, kennysheep_little_box, nicolae_wu_jian_wuxing_cycle
D:15:     hangedman_slaughterboxes
Temple:   regret_index_temple_sphere_string
Lair:1:   layout_chaotic_city
Lair:2:   layout_gridlike, nicolae_lair_lil_pond
Lair:3:   layout_roguey, minmay_shoals_entry_centaurs,
          minmay_snake_entry_six_corridors, roderic_batcave, evilmike_ambush
          [evilmike_ambush_outer_basic, evilmike_ambush_inner_basic],
          uniq_rupert
Lair:4:   layout_big_grid, disabler_island, infiniplex_staircase_pool,
          grunt_megastairs_4
Lair:5:   layout_loops_ring, nicolae_slime_entry_slimehenge
Shoals:1: layout_shoals, nicolae_shop_clearance
Shoals:2: layout_shoals, ebering_ghost_gozag, serial_shops, shop
Shoals:3: layout_shoals, ebering_ghost_xom, nicolae_shoals_lost_giant_temple
Shoals:4: shoals_end_hangedman, layout_shoals, nicolae_shoals_mertower
Snake:1:  layout_onion_interference, serial_shops, shop, shop,
          nicolae_shop_overgrown_old_shop, serial_bayou_pond_c,
          lemuel_oklob_altar
Snake:2:  layout_grid_shapes, serial_shops, shop, minmay_shop_star,
          serial_bayou_shore_b, serial_bayou_shore_b, grunt_megastairs_2
Snake:3:  layout_misc_corridors, nicolae_snake_gridmaze_swirls
Snake:4:  hellmonk_snake_rune_quicksilver_temple, layout_gridlike, special_room,
          uniq_asterion, uniq_vashnia
Slime:1:  cheibrodos_slime_lost_civilization_2, layout_caves
Slime:2:  layout_caves
Slime:3:  layout_caves
Slime:4:  layout_caves
Slime:5
Orc:1:    layout_caves, portal_ice_cave_entry_pillars_1
Orc:2:    grunt_orc_gardens, layout_caves, grunt_orc_garden, grunt_orc_garden,
          grunt_orc_garden, grunt_orc_garden, basic_altar,
          gammafunk_ghost_fury_of_okawaru
Elf:1:    eino_elf_arrival_altar, layout_loops_corners, minmay_elf_necromancy,
          grunt_megastairs_1, uniq_aizul, uniq_nikola
Elf:2:    nicolae_elf_blades_crystal_corner, layout_onion_city, st_stairs_8,
          uniq_agnes
Elf:3:    minmay_elf_hall_furrowed, layout_gridlike
Vaults:1: v_pattern_1, nicolae_vaults_murderbox, hangedman_vaults_corner,
          nicolae_vaults_little_squares_5, vaults_standard_mumra_lines,
          vaults_mumra_minichess_inversion, grunt_vaults_focal,
          ontoclasm_vaults_fault, layout_vaults_omnigrid, serial_shops,
          nicolae_lakefront_shop
Vaults:2: grunt_vaults_bifocal, serial_ice_g, grunt_vaults_twisty,
          vaults_room_large_hall, st_hourglassy, ontoclasm_vaults_shuriken,
          ontoclasm_vaults_idyll, hangedman_vaults_cutoff, v_misc_9,
          nicolae_vaults_triangles, hangedman_vaults_trim,
          layout_vaults_big_cross, nicolae_trove_entry_path_of_doom,
          serial_shops, bzr_firewalk, shop_fountains, uniq_boris
Vaults:3: portal_desolation_entry_nicolae_slug, grunt_vaults_diagonal,
          minmay_crypt_entry_simple_plaza, hangedman_vaults_cutoff,
          ontoclasm_vaults_twist, v_rooms_3, v_misc_5, st_smaller_cells,
          nicolae_vaults_diagonal_hallway_6, nicolae_vaults_circle_grid_a,
          ontoclasm_vaults_misaligned, hangedman_vaults_slice,
          ontoclasm_vaults_ring_small, layout_vaults_ring
Vaults:4: infiniplex_enter_wizlab_water, nicolae_vaults_windows_and_doors_thing,
          hangedman_vaults_impose, vaults_room_door_hall,
          hangedman_vaults_restitches, ontoclasm_vaults_water_temple,
          vaults_room_boxed, v_pattern_4, v_misc_12,
          nicolae_vaults_circle_grid_b, ontoclasm_vaults_loading_screen,
          ontoclasm_vaults_decontamination, vaults_room_pools,
          layout_vaults_omnibox
Crypt:1:  layout_misc_corridors, lemuel_dead_fish_pool
Crypt:2:  layout_chaotic_city, uniq_frederick, uniq_bai_suzhen
Crypt:3:  due_elkab, layout_chaotic_city
Depths:1: minmay_textured_paths, layout_gridlike, grunt_hell_entry_dis_old,
          pan_entry, serial_shops, nicolae_take_the_stairs,
          roderic_roman_lattice, grunt_ministairs_7, lemuel_flamethrower_hall,
          uniq_saint_roka
Depths:2: kennysheep_demon_jail, layout_basic, grunt_pan_entry_sceptre,
          serial_shops, shop_statue, hell_entry, chequers_hall_statues_y,
          nicolae_ru_path_of_blood, serial_bayou_shore_a
Depths:3: grated_community_mu [grated_community_mu_vampire_home,
          grated_community_mu_giant_home, grated_community_mu_spellcaster_home,
          grated_community_mu_orcish_home, grated_community_mu_troll_home,
          grated_community_mu_taur_home, grated_community_mu_unbuilt_plot],
          layout_cave_pools, abyss_entry, hell_entry,
          chequers_serial_rivers_large_b, minmay_shop_grove,
          serial_bayou_shore_b, infiniplex_staircase_9_rooms
Depths:4: grunt_x_marks_the_spot, layout_cave_shapes, enter_ziggurat_c,
          hangedman_coc_ice_floe, drop_trap,
          nicolae_concentric_dashed_squares_wild, serial_bayou_shore_b
Zot:1:    layout_concentric_octagons
Zot:2:    layout_onion_interference
Zot:3:    grunt_zot_stairs_overgrown, layout_onion_interference,
          grunt_ministairs_5, st_single_dragon_hoard_1
Zot:4:    layout_cellular_growth
Zot:5:    layout_onion

Skill      XL: |  1  2  3  4  5  6  7  8  9 10 11 12 13 14 15 16 17 18 19 20 21 22 23 24 25 26 27 |
---------------+----------------------------------------------------------------------------------+-----
Conjurations   | 5 6 7 8 9 10 11 12 14 16 17 19 20 22 | 22.5
Spellcasting   | 4 6 7 8 9 10 11 13 14 15 17 19 20 21 24 25 | 25.8
Dodging        | 3 5 6 7 8 10 11 12 13 14 15 16 17 19 20 21 22 24 27 | 27.0
Hexes          | 1 2 4 6 9 11 13 15 17 18 21 23 25 26 27 | 27.0
Summonings     | 1 3 4 5 6 9 13 19 23 27 | 27.0
Invocations    | 2 4 6 7 8 9 10 | 10.1
Evocations     | 1 2 |  2.0
Fighting       | 4 5 7 8 9 10 11 12 13 14 | 14.6
Ice Magic      | 1 |  1.3
Necromancy     | 1 |  1.0
Staves         | 1 |  1.0
Stealth        | |  2.4
Transmutations | |  0.2
Air Magic      | |  0.1

Action                   |  1- 3 |  4- 6 |  7- 9 | 10-12 | 13-15 | 16-18 | 19-21 | 22-24 | 25-27 || total
-------------------------+-------+-------+-------+-------+-------+-------+-------+-------+-------++-------
Melee: Dagger            |       |       |       |       |     2 |       |       |       |       ||     2
       Falchion          |       |       |       |       |       |       |     5 |       |       ||     5
       Staff             |       |       |       |       |       |       |       |     3 |     2 ||     5
       Headbutt          |       |       |       |       |       |       |       |       |     2 ||     2
 Cast: Magic Dart        |    78 |    62 |    51 |    60 |   162 |   103 |    14 |    23 |     1 ||   554
       Searing Ray       |     3 |    25 |    24 |    32 |    97 |    91 |    59 |    91 |       ||   422
       Fulminant Prism   |       |     1 |    58 |   152 |   287 |   257 |   229 |   209 |    37 ||  1230
       Summon Guardian G |       |       |    14 |    18 |     6 |    18 |       |     1 |       ||    57
       Yara's Violent Un |       |       |       |     4 |    10 |    42 |    30 |    36 |    68 ||   190
       Enfeeble          |       |       |       |     2 |   155 |   218 |   236 |   230 |    91 ||   932
       Slow              |       |       |       |       |     9 |       |       |       |       ||     9
       Leda's Liquefacti |       |       |       |       |     8 |     2 |       |       |       ||    10
       Metabolic Englaci |       |       |       |       |    82 |    81 |    77 |    50 |    15 ||   305
       Anguish           |       |       |       |       |     4 |    92 |   277 |   219 |    66 ||   658
       Blink             |       |       |       |       |     2 |     4 |     5 |     4 |     2 ||    17
       Tukima's Dance    |       |       |       |       |       |    52 |    32 |       |       ||    84
       Summon Lightning  |       |       |       |       |       |       |    17 |    10 |    10 ||    37
       Monstrous Menager |       |       |       |       |       |       |       |    64 |   127 ||   191
       Summon Horrible T |       |       |       |       |       |       |       |    59 |   254 ||   313
       Haunt             |       |       |       |       |       |       |       |       |   136 ||   136
Invok: Ancestor Life: Kn |       |       |       |     1 |       |       |       |       |       ||     1
       Recall Ancestor   |       |       |       |     3 |    16 |    33 |    21 |    30 |    30 ||   133
       Transference      |       |       |       |       |     4 |     3 |       |       |       ||     7
       Idealise          |       |       |       |       |     3 |     3 |     5 |     3 |     3 ||    17
Evoke: Wand              |       |     1 |       |     5 |     5 |     2 |       |     5 |    17 ||    35
       Phial of floods   |       |       |       |     1 |     1 |       |       |       |       ||     2
  Use: Scroll            |       |     6 |       |     5 |    22 |     6 |    10 |     6 |    14 ||    69
       Potion            |       |       |       |       |     4 |     2 |    11 |    26 |    19 ||    62
Armor: Robe              |     6 |     1 |     7 |     4 |    19 |     5 |    41 |    36 |    12 ||   131
Dodge: Dodged            |     4 |     4 |    10 |    23 |    79 |   118 |   155 |    99 |    72 ||   564
Block: Buckler           |       |       |       |       |    22 |    29 |    50 |    40 |    10 ||   151
       Reflection        |       |       |       |       |    10 |    10 |    16 |    12 |       ||    48
